Map: Orbital Shipyard

Players

LilDicky - Winner!

  • Race: Terran Terran
  • League: Diamond

JRClouddyy

  • Race: Zerg Zerg
  • League: Diamond

VOD

http://www.twitch.tv/tumescentpie

Description

Time

  • Played on: Dec. 8, 2015, 12:32 p.m.
  • Length: 9:17
Show
View Real Time Build Order
Export as new Build Order

LilDicky Terran - Winner!

Build Orders: Liberator Opening 

Get SALT Encoding   

  12  0:08  SCV  
  13  0:20  SCV, Supply Depot  
  14  0:33  SCV  
  15  0:37  Refinery  
  15  0:43  Barracks  
  15  0:51  SCV  
  16  1:04  SCV  
  17  1:16  SCV  
  18  1:26  Refinery  
  18  1:30  Marine  
  18  1:31  Supply Depot  
  18  1:32  Orbital Command  
  19  1:42  Factory  
  19  1:54  Marine  
  20  2:01  Supply Depot  
  20  2:02  SCV  
  21  2:14  SCV  
  22  2:18  Marine  
  23  2:26  SCV  
  23  2:27  Armory  
  24  2:33  Starport  
  24  2:35  Factory Tech Lab  
  24  2:41  SCV  
  24  2:42  Barracks Reactor  
  25  2:53  SCV  
  26  3:05  SCV  
  29  3:20  Thor  
  29  3:22  SCV  
  29  3:25  Supply Depot  
  29  3:26  Marine  
  29  3:27  Marine  
  35  3:34  Medivac  
  38  3:36  SCV  
  39  3:46  Liberator  
  39  3:47  Marine x2  
  41  3:49  Supply Depot, SCV  
  44  4:41  Supply Depot  
  44  4:44  SCV  
  45  4:46  Liberator  
  45  4:48  Command Center  
  45  4:56  Supply Depot  
  48  5:33  Factory  
  48  5:38  SCV  
  48  5:42  Refinery  
  49  5:43  Refinery  
  49  5:54  Siege Tank  
  49  5:56  SCV, Viking, Marine  
  56  5:57  Marine  
  57  6:14  Marine  
  58  6:29  SCV, Factory Reactor  
  58  6:32  Command Center  
  56  7:30  Marine  
  56  7:31  Marine  
  56  7:34  Thor, Hellion x2  
  56  7:35  SCV  
  70  7:37  Orbital Command  
  69  7:46  Orbital Command  
  69  7:47  SCV  
  67  7:55  Hellion x2  
  68  8:09  Marine x2  
  60  8:35  Marine  
  60  8:37  Marine  
Show
View Real Time Build Order
Export as new Build Order

JRClouddyy Zerg 

Build Orders: Hatch First, Zergling Baneling 

Get SALT Encoding   

  12  0:01  Drone  
  13  0:12  Overlord  
  13  0:17  Drone  
  14  0:31  Drone x2  
  14  0:34  Drone  
  17  0:55  Hatchery  
  17  0:56  Drone  
  17  1:09  Spawning Pool  
  16  1:12  Drone  
  16  1:17  Extractor  
  16  1:19  Drone  
  16  1:20  Drone  
  18  1:31  Overlord  
  18  1:41  Drone  
  19  1:51  Drone  
  20  1:56  Queen  
  20  2:00  Zergling x2  
  23  2:06  Queen  
  23  2:08  Drone  
  26  2:12  Overlord  
  26  2:18  Drone  
  27  2:23  Drone  
  27  2:26  Metabolic Boost  
  27  2:28  Drone  
  29  2:36  Drone  
  30  2:39  Drone  
  31  2:45  Drone  
  32  2:53  Evolution Chamber, Overlord  
  32  2:57  Overlord  
  31  3:05  Baneling Nest  
  31  3:07  Zergling x8  
  31  3:10  Zergling x2  
  35  3:20  Zerg Melee Weapons Level 1  
  35  3:21  Zergling x2  
  35  3:22  Zergling x8  
  40  3:32  Zergling x4  
  42  3:39  Overlord  
  42  3:41  Overlord  
  42  3:43  Zergling x2  
  42  3:44  Zergling x2  
  44  3:53  Baneling x4  
  44  3:58  Zergling x10  
  45  4:19  Zergling x8  
  45  4:20  Zergling x2  
  43  4:32  Zergling x2  
  43  4:33  Zergling x8  
  43  4:37  Baneling x5  
  45  4:40  Zergling x2  
  45  4:41  Zergling x2  
  46  5:05  Hatchery  
  45  5:07  Drone x3  
  45  5:08  Drone x2, Queen  
  48  5:29  Extractor  
  48  5:30  Extractor, Queen  
  48  5:32  Overlord  
  48  5:33  Zergling x10  
  53  5:41  Drone  
  53  5:42  Drone x3  
  57  5:44  Drone  
  54  6:18  Zergling x8  
  56  6:19  Zergling x10  
  56  6:24  Queen  
  64  6:26  Queen  
  64  6:30  Overlord x2  
  64  6:32  Zerg Ground Armor Level 1  
  58  6:59  Spore Crawler  
  58  7:00  Spore Crawler  
  40  7:34  Spine Crawler  
  40  7:35  Spine Crawler  
  40  7:36  Spine Crawler  
  37  7:37  Spine Crawler  
  37  7:39  Spore Crawler x2  
  37  7:41  Spine Crawler  
  32  7:53  Baneling x6  
  28  8:14  Spine Crawler  
  28  8:16  Spine Crawler  
Tags
 
Add a new tag
Caveats
  • Supply blocks, unpowered buildings, or Contaminate may cause inaccurate times.
  • Supply counts are checked every 10 seconds.